 Dungeon Crawl Stone Soup version 0.27-a0-1202-ge72e49191c (webtiles) character file.

Game seed: 5241831452575666557

19336 27snakeeyes612 the Cleaver (level 12, -4/110 HPs)
             Began as a Naga Fighter on June 4, 2021.
             Was an Elder of Cheibriados.
             Slain by an orc knight
             ... wielding a +1 great sword
              (26 damage)
             ... on level 14 of the Dungeon.
             The game lasted 00:15:39 (16408 turns).

27snakeeyes612 the Cleaver (Naga Fighter)          Turns: 16408, Time: 00:15:40

Health: -4/110     AC: 26    Str: 33    XL:     12   Next: 67%
Magic:  12/18      EV:  9    Int: 19    God:    Cheibriados [****..]
Gold:   665        SH: 13    Dex: 21    Spells: 11/11 levels left

rFire    . . .     SeeInvis +   C - +0 broad axe (flame)
rCold    + . .     Faith    .   c - +0 kite shield
rNeg     . . .     Spirit   .   D - +0 plate armour
rPois    +         Reflect  .   x - +0 hat
rElec    .         Harm     .   F - +0 cloak
rCorr    .         Rampage  .   A - +0 pair of gloves {archery}
Will     +....                  f - +2 barding {rC+}
Stlth    ..........             (no amulet)
HPRegen  0.28/turn              j - +4 ring of protection
MPRegen  0.16/turn              n - +4 ring of evasion

@: studying Stealth, very slow
A: AC +4, large, see invisible, deformed body, poison resistance, slowness 2,
spit poison 1, naga tail 1
a: Spit Poison, Renounce Religion, Bend Time, Temporal Distortion, Slouch


You were on level 14 of the Dungeon.
You worshipped Cheibriados.
Cheibriados was greatly pleased with you.
You visited 2 branches of the dungeon, and saw 15 of its levels.
You also visited: Ossuary.

You collected 1418 gold pieces.
You spent 753 gold pieces at shops.

Inventory:

Hand Weapons
 a - a +1 war axe
 C - a +0 broad axe of flaming (weapon)
 O - the +10 hand axe "Transmigrator" {drain, rC+ rCorr Str+2}
   (You found it on level 12 of the Dungeon)

   A truly terrible weapon, it drains the life of those it strikes.
   It affects your strength (+2).
   It protects you from cold.
   It protects you from acid and corrosion.
Armour
 b - a +0 scale mail
 c - a +0 kite shield (worn)
 f - a +2 barding of cold resistance (worn)
 i - a +0 chain mail
 x - a +0 hat (worn)
 A - a +0 pair of gloves of archery (worn)
 D - a +0 plate armour (worn)
 F - a +0 cloak (worn)
Jewellery
 j - a +4 ring of protection (left hand)
 n - a +4 ring of evasion (right hand)
 r - a ring of positive energy
 B - a ring of resist corrosion
 E - a ring of ice
 L - a ring of magical power
 N - a +4 ring of protection
Wands
 m - a wand of charming (9)
 t - a wand of digging (7)
 H - a wand of acid (7)
 P - a wand of iceblast (11)
Scrolls
 e - 6 scrolls of teleportation
 h - 3 scrolls of vulnerability
 q - a scroll of enchant weapon
 u - 3 scrolls of blinking
 v - a scroll of brand weapon
 y - 8 scrolls of identify
 z - 2 scrolls of enchant armour {unknown}
 K - a scroll of noise {unknown}
Potions
 d - 4 potions of degeneration
 g - 2 potions of attraction
 k - 3 potions of heal wounds
 l - 5 potions of curing
 o - 2 potions of ambrosia {unknown}
 p - 5 potions of haste
 s - a potion of lignification
 w - 2 potions of resistance {unknown}
 G - a potion of mutation {unknown}
 I - a potion of might
 J - 3 potions of flight {unknown}
 M - 2 potions of invisibility


   Skills:
 + Level 8.1 Fighting
 + Level 12.3 Axes
 + Level 7.9 Armour
 + Level 2.1 Dodging
 + Level 2.2 Stealth
 + Level 7.5 Shields
 * Level 8.3 Invocations


You had 11 spell levels left.
You didn't know any spells.
Your spell library contained the following spells:

 Spells                   Type           Power      Damage    Failure   Level
 Animate Skeleton         Necr           0%         N/A       88%         1
 Apportation              Tloc           0%         N/A       88%         1
 Beastly Appendage        Tmut           0%         N/A       88%         1
 Corona                   Hex            0%         N/A       88%         1
 Foxfire                  Conj/Fire      0%         2x1d4     88%         1
 Pain                     Necr           0%         1d4       88%         1
 Sandblast                Erth           0%         2d4       88%         1
 Sting                    Tmut/Pois      0%         1d3       88%         1
 Summon Small Mammal      Summ           0%         N/A       88%         1
 Call Imp                 Summ           0%         N/A       96%         2
 Ensorcelled Hibernation  Hex/Ice        0%         N/A       96%         2
 Passwall                 Tmut/Erth      0%         N/A       96%         2
 Poisonous Vapours        Pois/Air       0%         N/A       96%         2
 Wereblood                Tmut           0%         N/A       96%         2
 Call Canine Familiar     Summ           0%         N/A       99%         3
 Confusing Touch          Hex            0%         N/A       99%         3
 Conjure Flame            Conj/Fire      0%         6-21      99%         3
 Dazzling Flash           Conj/Hex       0%         N/A       99%         3
 Ignite Poison            Fire/Tmut/Pois 0%         N/A       99%         3
 Inner Flame              Hex/Fire       0%         N/A       99%         3
 Mephitic Cloud           Conj/Pois/Air  0%         N/A       99%         3
 Spider Form              Tmut/Pois      0%         N/A       99%         3
 Stone Arrow              Conj/Erth      0%         3d7       99%         3
 Summon Guardian Golem    Hex/Summ       0%         N/A       99%         3
 Tukima's Dance           Hex            0%         N/A       99%         3
 Vampiric Draining        Necr           0%         2d6       99%         3
 Animate Dead             Necr           0%         N/A       100%        4
 Ice Form                 Ice/Tmut       0%         N/A       100%        4
 Olgreb's Toxic Radiance  Pois           0%         N/A       100%        4
 Petrify                  Tmut/Erth      0%         N/A       100%        4
 Sticky Flame             Conj/Fire      0%         2d3       100%        4
 Summon Ice Beast         Ice/Summ       0%         N/A       100%        4
 Summon Lightning Spire   Summ/Air       0%         N/A       100%        4
 Agony                    Necr           0%         N/A       100%        5
 Fireball                 Conj/Fire      0%         3d3       100%        5
 Hydra Form               Tmut           0%         N/A       100%        5
 Lee's Rapid Deconstruct  Erth           0%         3d5*      100%        5


Dungeon Overview and Level Annotations

Branches:
Dungeon (13/15)            Temple (1/1) D:5            Lair (0/6) D:9
    Orc (0/2) D:11        Ossuary (visited)
 Vaults: D:13-14

Altars:
Cheibriados
Dithmenos
Hepliaklqana
Nemelex Xobeh
Okawaru
Qazlal
Sif Muna
Uskayaw
Vehumet
Wu Jian
Xom
Zin
The Shining One

Shops:
D:1 *   D:4 ?   D:5 ?   D:8 =   D:10 *   D:11 :

Annotations:
D:4 4 runed translucent doors, Crazy Yiuf; Delamore's ghost, weakling GrFi


Innate Abilities, Weirdness & Mutations

Your serpentine skin is tough. (AC +4)
You have supernaturally acute eyesight. (SInv)
Armour fits poorly on your strangely shaped body.
Your system is resistant to poisons. (rPois)
You cover ground very slowly.
You can spit poison.
You have a snake-like lower body.


Message History

You hit the orc knight. You burn the orc knight.
The orc knight is almost dead.
You slash the troll! You burn the troll.
You kill the troll!
Cheibriados appreciates the change of pace.
The orc knight barely misses you.
Okay, then.
The flow of time bends around you.
Cheibriados rebukes the orc knight.
The orc knight seems to slow down.
Cheibriados rebukes the cyclops.
The cyclops seems to slow down.
The cyclops hits you. You block the orc knight's attack.
You slash the cyclops! You burn the cyclops.
The cyclops is moderately wounded.
You hit the orc knight but do no damage.
Unknown command.
You slash the cyclops! You burn the cyclops.
The cyclops is severely wounded.
You closely miss the orc knight.
The orc knight hits you with a +1 great sword!
You block the cyclops's attack.
Unknown command.
You slice the cyclops!! You burn the cyclops!
You kill the cyclops!
Cheibriados appreciates the change of pace.
You slash the orc knight! You burn the orc knight.
The orc knight hits you with a +1 great sword!
* * * LOW HITPOINT WARNING * * *
Unknown command.
You block the orc knight's attack.
Items here: ( ) [ †.
You hit the orc knight but do no damage.
The orc knight is almost dead.
The orc knight hits you with a +1 great sword!
* * * LOW HITPOINT WARNING * * *
You closely miss the orc knight.
The orc knight is almost dead.
The orc knight hits you with a +1 great sword!!
You die...

##### ###
#...####
..>#......
...##.#...#
#.....@o#
#..###.[#
#.†......
#.##.....
..# .....
### ...#
.## .#


You could see an orc knight (slow).

Vanquished Creatures
  A centaur warrior (D:8)
  2 hydras
  A boulder beetle (D:12)
  2 two-headed ogres
  3 skeletal warriors (D:11)
  2 manticores
  2 cyclopes
  Joseph (D:7)
  A gargoyle (D:10)
  An unseen horror (D:11)
  A kobold demonologist (D:12)
  An efreet (D:12)
  Maggie (D:7)
  4 trolls
  Grinder (D:3)
  Sigmund (D:3)
  5 vampire mosquitoes
  Eustachio (D:4)
  22 yaks
  A basilisk (D:12)
  3 steam dragons
  Menkaure (D:4)
  An acid dragon (D:9)
  5 orc warriors
  2 sky beasts (D:6)
  A hornet zombie (D:8)
  A necrophage (D:6)
  5 ogres
  11 centaurs
  A phantom (D:4)
  2 kobold brigands
  A gnoll sergeant (D:9)
  2 water moccasin zombies
  3 scorpions
  6 killer bees
  6 spriggan skeletons (D:11)
  3 howler monkeys
  A troll skeleton (D:11)
  2 bullfrog zombies (D:6)
  3 centaur zombies
  4 hounds
  4 orc priests
  A jelly (D:5)
  2 bullfrog skeletons
  2 centaur skeletons
  4 iguanas
  4 orc wizards
  A hound zombie (D:5)
  4 mummies (Ossuary)
  A howler monkey zombie (D:8)
  9 gnolls
  9 adders
  A shadow imp (D:5)
  A white imp (D:4)
  3 worms
  2 dart slugs
  24 orcs
  9 ball pythons
  8 bats
  10 endoplasms
  5 giant cockroaches
  6 goblins
  10 hobgoblins
  11 jackals
  5 quokkas
  5 gnoll skeletons (Ossuary)
  2 gnoll zombies (Ossuary)
  3 goblin skeletons (Ossuary)
  5 goblin zombies (Ossuary)
  6 hobgoblin skeletons (Ossuary)
  7 hobgoblin zombies (Ossuary)
  14 kobolds
  6 kobold skeletons (Ossuary)
  A kobold zombie (Ossuary)
  An orc skeleton (Ossuary)
  6 orc zombies (Ossuary)
  8 rats
  3 rat skeletons (Ossuary)
  4 rat zombies (Ossuary)
325 creatures vanquished.

Vanquished Creatures (others)
  A goblin skeleton (Ossuary)
  13 plants (D:1)
14 creatures vanquished.

Grand Total: 339 creatures vanquished

Notes
Turn   | Place    | Note
-------+----------+-------------------------------------------
     0 | D:1      | 27snakeeyes612 the Naga Fighter began the quest for the
                  | Orb.
     0 | D:1      | Reached XP level 1. HP: 21/21 MP: 1/1
   258 | D:1      | Found Leonuh's General Store.
   273 | D:1      | Reached XP level 2. HP: 28/28 MP: 2/2
   515 | D:1      | Found a faded altar of an unknown god.
  1042 | D:1      | Reached XP level 3. HP: 33/34 MP: 3/3
  2059 | D:2      | Reached XP level 4. HP: 29/42 MP: 4/4
  2219 | D:2      | Found a shimmering altar of Xom.
  2465 | D:2      | Reached skill level 3 in Axes
  3413 | D:3      | Reached XP level 5. HP: 49/49 MP: 5/5
  3565 | D:3      | Noticed Grinder
  3586 | D:3      | Paralysed by Grinder for 7 turns
  3599 | D:3      | Killed Grinder
  3600 | D:3      | Reached skill level 4 in Axes
  3600 | D:3      | Reached XP level 6. HP: 27/57 MP: 6/6
  4279 | D:3      | Found a stormy altar of Qazlal.
  4432 | D:3      | Noticed Sigmund
  4444 | D:3      | Killed Sigmund
  4445 | D:3      | Reached skill level 5 in Axes
  4445 | D:3      | Reached skill level 1 in Dodging
  4445 | D:3      | Reached XP level 7. HP: 21/64 MP: 7/7
  4740 | D:4      | Noticed Menkaure
  4743 | D:4      | Killed Menkaure
  4927 | D:4      | Found a runed translucent gate.
  4927 | D:4      | Found a runed translucent gate.
  4927 | D:4      | Found a runed translucent gate.
  4929 | D:4      | Noticed Delamore's ghost (weakling GrFi)
  5017 | D:4      | Found a shimmering blue altar of Sif Muna.
  5241 | D:4      | Reached XP level 8. HP: 59/73 MP: 8/8
  5412 | D:4      | You fall into a shaft and drop 1 floor!
  5412 | D:5      | Entered Level 5 of the Dungeon
  5527 | D:4      | Noticed Eustachio
  5555 | D:4      | Killed Eustachio
  5556 | D:4      | Reached skill level 6 in Axes
  5620 | D:4      | Found a runed translucent door.
  5621 | D:4      | Noticed Crazy Yiuf
  5835 | D:4      | Found Doprug's Magic Scroll Emporium.
  5964 | D:4      | Identified a scroll of acquirement
  5964 | D:4      | Acquired 738 gold pieces
  6004 | D:4      | Bought a scroll of teleportation for 33 gold pieces
  6004 | D:4      | Bought a scroll of teleportation for 33 gold pieces
  6004 | D:4      | Bought a scroll of acquirement for 572 gold pieces
  6004 | D:4      | Bought a scroll of teleportation for 33 gold pieces
  6004 | D:4      | Bought a scroll of enchant weapon for 82 gold pieces
  6007 | D:4      | Acquired a +2 barding of cold resistance
  6175 | D:5      | Found Uruvirhu's Magic Scroll Shop.
  6197 | D:5      | Noticed a yak
  6197 | D:5      | Noticed a yak
  6200 | D:5      | Noticed a yak
  6230 | D:4      | Killed a yak
  6231 | D:4      | Reached skill level 5 in Fighting
  6231 | D:4      | Reached skill level 5 in Armour
  6231 | D:4      | Reached skill level 1 in Stealth
  6363 | D:5      | Noticed a yak
  6363 | D:5      | Noticed a yak
  6383 | D:4      | Killed a yak
  6734 | D:5      | Reached skill level 7 in Axes
  6766 | D:5      | Reached XP level 9. HP: 33/81 MP: 9/9
  7059 | D:5      | Found a staircase to the Ecumenical Temple.
  7070 | Temple   | Entered the Ecumenical Temple
  7087 | Temple   | Became a worshipper of Cheibriados the Contemplative
  7139 | D:5      | Found a glowing golden altar of the Shining One.
  7139 | D:5      | Found a radiant altar of Vehumet.
  7183 | D:5      | Reached skill level 1 in Invocations
  7884 | D:6      | Reached skill level 8 in Axes
  8265 | D:6      | Reached skill level 5 in Shields
  8354 | D:6      | Reached * piety under Cheibriados
  8591 | D:6      | Reached XP level 10. HP: 86/91 MP: 12/12
  9405 | D:7      | Noticed Joseph
  9435 | D:7      | Killed Joseph
  9741 | D:7      | Noticed Maggie
  9756 | D:7      | Killed Maggie
  9757 | D:7      | Reached skill level 9 in Axes
 10126 | D:7      | Found an iron altar of Okawaru.
 10453 | D:8      | Found a sand-covered staircase.
 10479 | D:8      | Found Jecsoav's Jewellery Shop.
 10498 | Ossuary  | Entered an ossuary
 10623 | Ossuary  | Reached ** piety under Cheibriados
 10799 | Ossuary  | Reached *** piety under Cheibriados
 10952 | D:8      | Noticed a centaur warrior
 10969 | D:8      | Killed a centaur warrior
 10970 | D:8      | Reached skill level 5 in Invocations
 11301 | D:8      | Noticed a two-headed ogre
 11311 | D:8      | Killed a two-headed ogre
 11312 | D:8      | Reached skill level 10 in Axes
 11836 | D:9      | Reached XP level 11. HP: 91/99 MP: 15/15
 12045 | D:9      | Found a glowing silver altar of Zin.
 12380 | D:9      | Found a staircase to the Lair.
 12586 | D:10     | Entered Level 10 of the Dungeon
 12877 | D:10     | Noticed a two-headed ogre
 12882 | D:10     | Killed a two-headed ogre
 12882 | D:10     | Reached **** piety under Cheibriados
 13046 | D:10     | Found Xup Roumn's Changing Room.
 13451 | D:11     | Noticed a manticore
 13455 | D:11     | Killed a manticore
 13567 | D:11     | Noticed a skeletal warrior
 13585 | D:11     | Killed a skeletal warrior
 13586 | D:11     | Noticed a skeletal warrior
 13587 | D:11     | Noticed a skeletal warrior
 14172 | D:11     | Reached skill level 11 in Axes
 14337 | D:11     | Found a staircase to the Orcish Mines.
 14687 | D:11     | Killed a skeletal warrior
 14688 | D:11     | Reached XP level 12. HP: 91/109 MP: 13/17
 14793 | D:11     | Found Gantac's Book Shop.
 14817 | D:12     | Noticed a boulder beetle
 14856 | D:12     | Killed a boulder beetle
 15406 | D:12     | Noticed a seven-headed hydra
 15415 | D:12     | Killed a four-headed hydra
 15575 | D:12     | Reached skill level 12 in Axes
 15619 | D:12     | Identified the +10 hand axe "Transmigrator" {drain, rC+
                  | rCorr Str+2}
 16388 | D:13     | You fall into a shaft and drop 1 floor!
 16388 | D:14     | Noticed a four-headed hydra
 16400 | D:14     | Killed a one-headed hydra
 16408 | D:14     | Slain by an orc knight

Illustrated notes

Levels and vault maps discovered:
D:1:      wheals_arrival_linesprint, layout_loops_ring, serial_shops,
          nicolae_shop_window_shopping, hellmonk_ecumenical_altar_inner_sanctum,
          serial_bayou_lagoon_a, skrybe_limestone_x
D:2:      layout_rooms, basic_altar, kennysheep_nondescript
D:3:      layout_basic, lemuel_round_altar, minmay_increasing_density,
          uniq_sigmund, uniq_grinder
D:4:      layout_loops_ring, nicolae_sif_muna_little_library,
          ebering_ghost_rock_garden, serial_shops, shop, glass_columns_b,
          uniq_crazy_yiuf_cottage, uniq_menkaure, uniq_eustachio
D:5:      layout_rooms, gammafunk_temple_overflow_statue,
          minmay_temple_entry_poolview, serial_shops, kennysheep_mini,
          serial_glass, glass_columns_a, glass_columns_a,
          hangedman_abyss_or_decor_lesser_grid
D:6:      layout_loops_cross, minivault_25
D:7:      layout_basic, marbit_many_paths, uniq_maggie, uniq_joseph
D:8:      layout_cave_pods, serial_shops, shop_fountains, enter_ossuary_1
D:9:      layout_irregular_city, zin_academy, lair_entry_dummy
D:10:     layout_roguey, enter_bailey_6, nicolae_transmutations_shop,
          minivault_1
D:11:     layout_loops_cross, orc_0_dummy, serial_shops, kennysheep_little_box,
          hangedman_tell_no_tales
D:12:     layout_gridville, gauntlet_entry_generic
D:13:     layout_irregular_city, serial_column_ruins, column_ruins_circle_large,
          column_ruins_grid_4, column_ruins_grid_1,
          column_ruins_columns_straight, column_ruins_grid_4,
          column_ruins_open_tiny, column_ruins_corridor_corner,
          column_ruins_grid_4, kennysheep_four_rooms
D:14:     layout_loops_ring, david_vaults_5, palyth_stone_intersect
Temple:   compressed_dpeg_circular_temple

Skill      XL: |  1  2  3  4  5  6  7  8  9 10 11 12 |
---------------+-------------------------------------+-----
Axes           | 3 4 5 7 8 10 11 12 | 12.3
Armour         | 3 4 5 6 7 |  7.9
Shields        | 3 4 5 6 7 |  7.5
Fighting       | 4 5 6 7 8 |  8.1
Dodging        | 1 2 |  2.1
Stealth        | 1 2 |  2.2
Invocations    | 3 5 7 8 |  8.3

Action                   |  1- 3 |  4- 6 |  7- 9 | 10-12 || total
-------------------------+-------+-------+-------+-------++-------
Melee: War axe           |   133 |   148 |   363 |    42 ||   686
       Broad axe         |       |       |       |   576 ||   576
Invok: Bend Time         |       |       |     5 |    20 ||    25
 Abil: Spit Poison       |       |     3 |     5 |     6 ||    14
  Use: Potion            |       |     3 |       |     2 ||     5
       Scroll            |       |       |     9 |     9 ||    18
Armor: Scale mail        |    45 |       |       |       ||    45
       Chain mail        |    54 |    74 |   204 |    18 ||   350
       Skin              |       |    13 |       |       ||    13
       Plate armour      |       |       |       |   371 ||   371
Dodge: Dodged            |    22 |    20 |    70 |   211 ||   323
Block: Kite shield       |    73 |    85 |   204 |   441 ||   803

Table legend: (Time is in decaauts)
 A = Elapsed time spent in this place.
 B = Non-inter-level travel time spent in this place.
 C = Inter-level travel time spent in this place.
 D = Time resting spent in this place.
 E = Time spent auto-exploring this place.
 F = Levels seen in this place.
 G = Mean time per level.
                   A        B        C        D        E       F      G
               +--------+--------+--------+--------+--------+-----+--------+
         Total |  23810 |  23020 |    790 |   1580 |  18133 |  16 | 1488.1 |
       Dungeon |  23114 |  22324 |    790 |   1580 |  17755 |  14 | 1651.0 |
        Temple |     47 |     47 |      0 |      0 |     19 |   1 |   47.0 |
       Ossuary |    647 |    647 |      0 |      0 |    358 |   1 |  647.0 |
               +--------+--------+--------+--------+--------+-----+--------+

Top non-repeatable levels by time:
    D:12: 2432 daAuts
    D:11: 2266 daAuts
     D:1: 2091 daAuts
     D:3: 2026 daAuts
     D:4: 1996 daAuts
     D:6: 1919 daAuts
     D:8: 1872 daAuts
     D:7: 1850 daAuts
     D:5: 1817 daAuts
     D:2: 1669 daAuts
     D:9: 1509 daAuts
    D:10: 1412 daAuts
 Ossuary: 647 daAuts
    D:13: 228 daAuts
  Temple: 47 daAuts
